 Dungeon Crawl Stone Soup version 0.24-a0-537-g2d01d4ab0a (webtiles) character file.

Game seed: 14523220249018251593

2881 DavidChitty2 the Destroyer (level 9, 0/78 HPs)
             Began as a Red Draconian Conjurer on Aug 13, 2019.
             Was a Believer of Vehumet.
             Killed by divine providence
             ... invoked by an orc priest
              (16 damage)
             ... on level 7 of the Dungeon.
             The game lasted 00:22:28 (12013 turns).

DavidChitty2 the Destroyer (DrCj)                  Turns: 12013, Time: 00:22:29

Health: 0/78       AC: 11    Str: 10    XL:     9   Next: 48%
Magic:  11/17      EV: 12    Int: 24    God:    Vehumet [**....]
Gold:   328        SH:  5    Dex: 12    Spells: 11/19 levels left

rFire    + + .     SeeInvis .   a - +6 dagger of Regicide {pierce, rElec rPois Int+5}
rCold    + . .     Gourm    .   g - +0 buckler
rNeg     . . .     Faith    .   (armour unavailable)
rPois    +         Spirit   .   (helmet restricted)
rElec    +         Reflect  .   p - scarf {rC+ rF+}
rCorr    .         Harm     .   (no gloves)
MR       .....                  (no boots)
Stlth    ++........             (no amulet)
HPRegen  0.23/turn              j - +4 ring of protection
MPRegen  0.15/turn              (no ring)

@: no status effects
A: breathe fire, unfitting armour, fire resistance 1, cold-blooded, AC +7
a: Breathe Fire, Renounce Religion


You were on level 7 of the Dungeon.
You worshipped Vehumet.
Vehumet was pleased with you.
You were very hungry.

You visited 2 branches of the dungeon, and saw 8 of its levels.

You collected 328 gold pieces.

Inventory:

Hand Weapons
 a - the +6 dagger of Regicide (weapon) {pierce, rElec rPois Int+5}
   (You took it off an orc on level 6 of the Dungeon)

   It inflicts extra damage upon your enemies.
   It affects your intelligence (+5).
   It insulates you from electricity.
   It protects you from poison.
 b - a +2 hand axe of venom
   (You took it off an orc on level 3 of the Dungeon)
Missiles
 v - 416 stones (quivered)
Armour
 g - a +0 buckler (worn)
   (You found it on level 5 of the Dungeon)
 p - a scarf of resistance (worn)
   (You found it on level 2 of the Dungeon)
Magical Staves
 r - a cursed staff of death {unknown}
   (You found it on level 6 of the Dungeon)
 y - an uncursed staff of earth {unknown}
   (You found it on level 6 of the Dungeon)
Jewellery
 j - a +4 ring of protection (left hand)
   (You found it on level 1 of the Dungeon)
Wands
 d - a wand of iceblast (9)
   (You found it on level 5 of the Dungeon)
 t - a wand of flame (19)
   (You took it off Pikel on level 6 of the Dungeon)
 x - a wand of acid (9)
   (You found it on level 4 of the Dungeon)
Scrolls
 c - 3 scrolls of identify {@r1}
 i - a scroll of fear
 k - a scroll of amnesia
 l - a scroll of remove curse {@r2}
 m - a scroll of magic mapping
 o - 7 scrolls of teleportation {@r4}
 w - a scroll of immolation {!r}
 B - a scroll of fog
 C - a scroll of enchant armour
Potions
 f - a potion of resistance
 h - 2 potions of lignification {unknown}
 n - a potion of curing {@q1}
 q - 2 potions of brilliance
 s - 3 potions of mutation {!q}
 u - a potion of heal wounds {@q2}
 z - 2 potions of might {unknown}
 A - 2 potions of haste {@q3}
Comestibles
 e - 12 rations {!d}


   Skills:
 + Level 6.5 Fighting
 - Level 1.7 Dodging
 - Level 1.7 Stealth
 - Level 4.0 Shields
 + Level 5.8 Spellcasting
 * Level 9.5 Conjurations
 - Level 2.5 Air Magic


You had 11 spell levels left.
You knew the following spells:

 Your Spells              Type           Power        Failure   Level  Hunger
a - Magic Dart            Conj           ####         1%          1    None
b - Shock                 Conj/Air       ####         1%          1    None
s - Searing Ray           Conj           ######       1%          2    None
x - Iskenderun's Mystic   Conj           ######..     1%          4    ###....

Your spell library contained the following spells:

 Spells                   Type           Power        Failure   Level  Hunger
 Flame Tongue             Conj/Fire      ####.        1%          1    None
 Dazzling Spray           Conj/Hex       ####..       3%          3    #......
 Force Lance              Conj/Tloc      ####....     12%         4    ###....
 Fulminant Prism          Conj/Hex       ####......   12%         4    ###....


Dungeon Overview and Level Annotations

Branches:
Dungeon (7/15)             Temple (1/1) D:4

Altars:
Ashenzari
Cheibriados
Dithmenos
Elyvilon
Fedhas
Gozag
Hepliaklqana
Kikubaaqudgha
Makhleb
Nemelex Xobeh
Okawaru
Qazlal
Ru
Trog
Uskayaw
Vehumet
Wu Jian
Xom
Yredelemnul
Zin
The Shining One

Annotations:
D:6 3 runed translucent doors, milododd's ghost, novice FoHu


Innate Abilities, Weirdness & Mutations

You can breathe blasts of fire.
Your fiery red scales are hard. (AC +7)
You cannot fit into any form of body armour.
Your flesh is heat resistant. (rF+)
You are cold-blooded and may be slowed by cold attacks.


Message History

Partly explored, can't reach some items.
Unknown command.
Partly explored, can't reach some items.
Partly explored, can't reach some items.
Partly explored, can't reach some items.
There is a stone staircase leading down here.
You climb downwards.
There is a stone staircase leading up here.
An orc priest comes into view.
The orc priest shouts!
You hear a shout!
Aim: an orc priest The magic dart hits the orc priest.
The orc priest mumbles some strange prayers to Beogh against you.
Beogh smites you!
You hear a shout! x2
Aim: an orc priest (moderately wounded)
The magic dart hits the orc priest.
The orc priest invokes the aid of Beogh against you.
Beogh smites you!
An orc priest comes into view. It is wielding a +0 club.
An orc warrior comes into view. It is wielding a +0 short sword.
The orc priest moves out of view.
The orc priest mumbles some strange prayers to Beogh against you.
Beogh smites you!
Aim: an orc priest (severely wounded)
The magic dart hits the orc priest.
You kill the orc priest!
Vehumet accepts your kill.
You feel your power returning.
An orc comes into view.
The orc priest calls down the wrath of Beogh upon you.
You struggle to resist.
Aim: an orc warrior, wielding a +0 short sword and wearing a +0 chain mail The magic dart hits the orc warrior.
An orc wizard comes into view. It is wielding a +0 dagger.
The orc warrior hits you with a +0 short sword.
* * * LOW HITPOINT WARNING * * *
Aim: an orc priest, wielding a +0 club and wearing a +0 ring mail The searing ray hits the orc warrior but does no damage. (Press . to maintain the ray.)
The orc warrior hits you with a +0 short sword!
* * * LOW HITPOINT WARNING * * *
The searing ray hits the orc warrior but does no damage.
The orc priest looks satisfied for a moment.
The orc warrior hits you with a +0 short sword!
* * * LOW HITPOINT WARNING * * *
The searing ray hits the orc warrior!
The orc priest mumbles some strange prayers to Beogh against you.
Beogh smites you!
You die...

#############
#.# #.# #.#
#.# #.# #.#
#.# #.# #@#
#o# #o# .o#
#o## #. .. #.
#.


You could see an orc warrior, an orc priest, an orc wizard and an orc.

Vanquished Creatures
  Pikel (D:6)
  Sigmund (D:2)
  Eustachio (D:5)
  Menkaure (D:5)
  A hornet zombie (D:6)
  An orc warrior (D:6)
  3 slaves (D:6)
  4 ogres
  A necrophage (D:4)
  A centaur (D:5)
  A bullfrog (D:5)
  3 scorpions
  3 crimson imps
  A hound (D:6)
  3 jellies
  7 orc wizards
  4 orc priests
  A bullfrog skeleton (D:4)
  A centaur skeleton (D:5)
  An iguana (D:5)
  7 worker ants
  A hound skeleton (D:5)
  4 gnolls
  6 adders
  An ooze (D:3)
  2 adder skeletons
  A worm (D:3)
  7 leopard geckos
  26 orcs
  A ball python (D:3)
  6 giant cockroaches
  18 goblins
  18 hobgoblins
  9 jackals
  4 quokkas
  6 bats
  7 frilled lizards
  8 kobolds
  A leopard gecko skeleton (D:5)
  A leopard gecko zombie (D:6)
  2 quokka skeletons
  5 rats
181 creatures vanquished.

Vanquished Creatures (others)
  A leopard gecko skeleton (D:6)
  A plant (D:4)
2 creatures vanquished.

Grand Total: 183 creatures vanquished

Notes
Turn   | Place    | Note
-------+----------+-------------------------------------------
     0 | D:1      | DavidChitty2 the Draconian Conjurer began the quest for the
                  | Orb.
     0 | D:1      | Reached XP level 1. HP: 14/14 MP: 3/3
   149 | D:1      | Found an opulent altar of Gozag.
   277 | D:1      | You fall into a shaft and drop 1 floor!
   288 | D:2      | Reached XP level 2. HP: 21/22 MP: 0/5
   574 | D:1      | Learned a level 2 spell: Searing Ray
   634 | D:1      | Reached skill level 1 in Fighting
  1495 | D:2      | Noticed Sigmund
  1901 | D:3      | Reached XP level 3. HP: 24/28 MP: 0/6
  2697 | D:3      | Reached XP level 4. HP: 36/36 MP: 3/7
  2703 | D:3      | Learned a level 4 spell: Iskenderun's Mystic Blast
  2820 | D:3      | Reached skill level 5 in Conjurations
  3303 | D:2      | Killed Sigmund
  3303 | D:2      | Reached XP level 5. HP: 39/44 MP: 1/9
  3413 | D:4      | Noticed an ogre
  3482 | D:4      | Noticed a necrophage
  3489 | D:4      | Killed a necrophage
  3489 | D:4      | Reached skill level 6 in Conjurations
  3489 | D:4      | Reached XP level 6. HP: 51/51 MP: 1/11
  4365 | D:4      | Found an ancient bone altar of Kikubaaqudgha.
  4366 | D:4      | Found a blossoming altar of Fedhas.
  4398 | D:4      | Your scales start taking on a fiery red colour.
  4398 | D:4      | Reached XP level 7. HP: 58/58 MP: 7/12
  4398 | D:4      | Gained mutation: Your flesh is heat resistant. (rF+) [Red
                  | Draconian growth]
  4554 | D:4      | Found a staircase to the Ecumenical Temple.
  4661 | Temple   | Entered the Ecumenical Temple
  4798 | Temple   | Became a worshipper of Vehumet
  5733 | D:4      | Reached skill level 7 in Conjurations
  5791 | D:4      | Found a hide-covered altar of Uskayaw.
  5988 | D:4      | Reached * piety under Vehumet
  5988 | D:4      | Offered knowledge of Shock by Vehumet.
  5993 | D:4      | Learned a level 1 spell: Shock
  6181 | D:5      | Entered Level 5 of the Dungeon
  6574 | D:5      | Noticed Menkaure
  6590 | D:5      | Killed Menkaure
  6815 | D:5      | Reached skill level 1 in Shields
  6858 | D:5      | Reached XP level 8. HP: 63/67 MP: 0/14
  7074 | D:5      | Reached skill level 5 in Fighting
  7255 | D:5      | Reached skill level 8 in Conjurations
  7935 | D:5      | Reached skill level 1 in Air Magic
  8042 | D:6      | Reached skill level 5 in Spellcasting
  8508 | D:6      | Identified the +6 dagger of Regicide {pierce, rElec rPois
                  | Int+5}
  8724 | D:6      | Reached ** piety under Vehumet
  8747 | D:6      | Offered knowledge of Flame Tongue by Vehumet.
  9028 | D:6      | Noticed Pikel
  9029 | D:6      | Noticed Eustachio
  9072 | D:6      | Killed Pikel
  9072 | D:6      | Reached skill level 9 in Conjurations
  9072 | D:6      | Reached XP level 9. HP: 70/75 MP: 1/17
  9192 | D:6      | Found a runed translucent gate.
  9192 | D:6      | Found a runed translucent gate.
  9192 | D:6      | Found a runed translucent gate.
  9193 | D:6      | Found an opulent altar of Gozag.
  9759 | D:5      | Killed Eustachio
  9992 | D:4      | Found an ancient bone altar of Kikubaaqudgha.
  9994 | D:4      | Found a blossoming altar of Fedhas.
 10076 | D:4      | Found a staircase to the Ecumenical Temple.
 10102 | D:4      | Found a hide-covered altar of Uskayaw.
 11753 | D:6      | Noticed milododd's ghost (novice FoHu)
 11754 | D:6      | Noticed a manticore
 11912 | D:6      | Found an iron altar of Okawaru.
 11912 | D:6      | Found a sparkling altar of Nemelex Xobeh.
 12013 | D:7      | Killed from afar by an orc priest

Levels and vault maps discovered:
D:1:      elethiomel_arrival_shortcut, layout_loops_ring, minmay_hexomino_r4
D:2:      layout_loops_ring, uniq_sigmund
D:3:      minmay_diamond_boxcup, layout_rooms
D:4:      corexii_shantytown, layout_basic,
          grunt_temple_overflow_growth_and_decay, lemuel_crystal_altar,
          minmay_temple_entry_statues
D:5:      layout_basic, first_ration, minmay_misc_feat_five, uniq_menkaure
D:6:      layout_rooms, minitemple, ebering_ghost_gozag,
          minmay_fractal_squares_diagonal_5, uniq_eustachio, uniq_pikel
D:7:      lemuel_ice_statue, layout_loops_ring, solitary_fountain,
          minmay_circle_x, uniq_crazy_yiuf_cottage
Temple:   nicolae_temple_elliptical

Skill      XL: |  1  2  3  4  5  6  7  8  9 |
---------------+----------------------------+-----
Fighting       | 1 2 3 4 6 |  6.5
Conjurations   | 5 6 7 9 |  9.5
Spellcasting   | 3 4 5 |  5.8
Shields        | 1 3 4 |  4.0
Air Magic      | 2 |  2.5
Dodging        | |  1.7
Stealth        | |  1.7

Action                   |  1- 3 |  4- 6 |  7- 9 || total
-------------------------+-------+-------+-------++-------
Melee: Unarmed           |    24 |       |       ||    24
       Tailslap          |     1 |     1 |     3 ||     5
       Dagger            |    24 |    12 |    26 ||    62
       Short sword       |       |       |    16 ||    16
 Cast: Magic Dart        |    87 |    88 |   321 ||   496
       Searing Ray       |     1 |     6 |    22 ||    29
       Iskenderun's Myst |       |       |     4 ||     4
 Abil: Breathe Fire      |       |       |     2 ||     2
  Use: Scroll            |       |       |    15 ||    15
       Potion            |       |       |     1 ||     1
  Eat: Ration            |     1 |       |     2 ||     3
       Chunk             |     3 |     6 |    16 ||    25
Armor: Skin              |    14 |    27 |    89 ||   130
Dodge: Dodged            |    39 |    52 |   110 ||   201
Block: Buckler           |       |       |    28 ||    28

Table legend:
 A = Non-vault XP
 B = Vault XP
 C = Vault XP percentage of total XP
 D = Non-vault monster count
 E = Vault monster count
 F = Vault count percentage of total count
                 A         B        C        D         E       F
            +---------+---------+-------+---------+---------+-------
      Total |    2433 |    1683 |  40.9 |     122 |      56 |  31.5
            +---------+---------+-------+---------+---------+-------
        D:1 |      17 |       5 |  22.7 |      10 |       4 |  28.6
        D:2 |      11 |     223 |  95.3 |       8 |       1 |  11.1
        D:3 |     159 |      31 |  16.3 |      30 |      10 |  25.0
        D:4 |     486 |      70 |  12.6 |      22 |      33 |  60.0
        D:5 |    1017 |     362 |  26.3 |      32 |       2 |   5.9
        D:6 |     702 |     992 |  58.6 |      19 |       6 |  24.0
        D:7 |      41 |       0 |   0.0 |       1 |       0 |   0.0
            +---------+---------+-------+---------+---------+-------
